TOP OF THE 1ST |
Houston Astros batting - Pitching for Cincinnati Reds : RHP Larry Dierker
|
Pitching: RHP Larry Dierker
|
|
Batting: RHB Julio Franco
|
0-0: Fly out, F9 (Line Drive, 9D, EV 108.1 MPH)
|
Batting: LHB Steve Kemp
|
0-0: Swinging Strike 0-1: Ball 1-1: Ball 2-1: Ground out U3 (Groundball, 34, EV 86.9 MPH)
|
Batting: RHB Zail Smith
|
0-0: Ball 1-0: Fly out, F4 (Popup, 34S, EV 68.1 MPH)
|
Top of the 1st over - 0 runs, 0 hits, 0 errors, 0 left on base; Houston 0 - Cincinnati 0 |
BOTTOM OF THE 1ST |
Cincinnati Reds batting - Pitching for Houston Astros : LHP Craig Lefferts
|
Pitching: LHP Craig Lefferts
|
|
Batting: RHB John Damon
|
0-0: Ball 1-0: Fly out, F8 (Flyball, 78M, EV 94.4 MPH)
|
Batting: RHB Marco Mosquera
|
0-0: Fly out, F9 (Flyball, 9LD, EV 103.1 MPH)
|
Batting: RHB Gary Matthews
|
0-0: Called Strike 0-1: Foul Ball, location: 2F 0-2: DOUBLE (Groundball, 5L, EV 101.9 MPH)
|
Batting: LHB Mike Easler
|
0-0: Foul Ball, location: 2F 0-1: Foul Ball, location: 2F 0-2: Strikes out swinging
|
Bottom of the 1st over - 0 runs, 1 hit, 0 errors, 1 left on base; Houston 0 - Cincinnati 0 |
TOP OF THE 2ND |
Houston Astros batting - Pitching for Cincinnati Reds : RHP Larry Dierker
|
Batting: LHB Jose Cruz
|
0-0: Hit by Pitch
|
Batting: RHB Cecil Fielder
|
0-0: Called Strike 0-1: Ball 1-1: 2-RUN HOME RUN (Flyball, 7LD, EV 90.6 MPH), Distance : 363 ft
|
Batting: SHB Bill D Doran
|
0-0: Ball 1-0: Ball 2-0: Ball 3-0: Base on Balls
|
Batting: RHB Dave Valle
|
0-0: Foul Ball, location: 2F 0-1: Ball 1-1: Ball 2-1: Foul Ball, location: 2F 2-2: Ball 3-2: Fly out, F7 (Flyball, 7D, EV 109.4 MPH)
|
Batting: RHB Ricky Adams
|
0-0: Ball 1-0: Ball 2-0: Foul Ball, location: 2F 2-1: Called Strike 2-2: Strikes out looking
|
Batting: LHB Craig Lefferts
|
0-0: Ball 1-0: Swinging Strike 1-1: Swinging Strike 1-2: Strikes out swinging
|
Top of the 2nd over - 2 runs, 1 hit, 0 errors, 1 left on base; Houston 2 - Cincinnati 0 |
BOTTOM OF THE 2ND |
Cincinnati Reds batting - Pitching for Houston Astros : LHP Craig Lefferts
|
Batting: RHB Nick Deurloo
|
0-0: Ball 1-0: Ball 2-0: Ball 3-0: Base on Balls
|
Batting: LHB Darrell Evans
|
0-0: Called Strike 0-1: Ball 1-1: Ball 2-1: Ball 3-1: Base on Balls Nick Deurloo to second
|
Batting: RHB John Malkin
|
0-0: Ball 1-0: Foul Ball, location: 2F 1-1: Foul Ball, location: 2F 1-2: Foul Ball, location: 2F 1-2: Ball 2-2: Ball 3-2: Strikes out swinging
|
Batting: RHB Jesus Alfaro
|
0-0: Called Strike 0-1: Called Strike 0-2: 3-RUN HOME RUN (Flyball, 78XD, EV 95.0 MPH), Distance : 439 ft
|
Batting: RHB Larry Dierker
|
0-0: Called Strike 0-1: Ball 1-1: Called Strike 1-2: Foul Ball, location: 2F 1-2: Ball 2-2: Foul Ball, location: 2F 2-2: Ball 3-2: Strikes out swinging
|
Batting: RHB John Damon
|
0-0: Ball 1-0: Foul Ball, location: 2F 1-1: Foul Ball, location: 2F 1-2: Foul Ball, location: 2F 1-2: Strikes out swinging
|
Bottom of the 2nd over - 3 runs, 1 hit, 0 errors, 0 left on base; Houston 2 - Cincinnati 3 |
TOP OF THE 3RD |
Houston Astros batting - Pitching for Cincinnati Reds : RHP Larry Dierker
|
Batting: RHB Julio Franco
|
0-0: Ground out 3-1 (Groundball, 34, EV 102.5 MPH)
|
Batting: LHB Steve Kemp
|
0-0: Called Strike 0-1: Ball 1-1: Ground out 3-1 (Groundball, 34, EV 108.8 MPH)
|
Batting: RHB Zail Smith
|
0-0: Called Strike 0-1: Foul Ball, location: 2F 0-2: Ball 1-2: Ball 2-2: Strikes out swinging
|
Top of the 3rd over - 0 runs, 0 hits, 0 errors, 0 left on base; Houston 2 - Cincinnati 3 |
BOTTOM OF THE 3RD |
Cincinnati Reds batting - Pitching for Houston Astros : LHP Craig Lefferts
|
Batting: RHB Marco Mosquera
|
0-0: Ground out 5-3 (Groundball, 5, EV 86.3 MPH)
|
Batting: RHB Gary Matthews
|
0-0: SINGLE (Groundball, 25, EV 64.4 MPH) (infield hit)
|
Batting: LHB Mike Easler
|
0-0: Ball 1-0: Swinging Strike 1-1: Fly out, F8 (Flyball, 8RXD, EV 96.3 MPH)
|
Batting: RHB Nick Deurloo
|
0-0: Ball 1-0: Ball 2-0: Ball 3-0: Called Strike 3-1: Ground out 4-3 (Groundball, 4, EV 106.9 MPH)
|
Bottom of the 3rd over - 0 runs, 1 hit, 0 errors, 1 left on base; Houston 2 - Cincinnati 3 |
TOP OF THE 4TH |
Houston Astros batting - Pitching for Cincinnati Reds : RHP Larry Dierker
|
Batting: LHB Jose Cruz
|
0-0: Called Strike 0-1: Ball 1-1: Swinging Strike 1-2: Fly out, F6 (Popup, 6, EV 57.5 MPH)
|
Batting: RHB Cecil Fielder
|
0-0: Ball 1-0: DOUBLE (Line Drive, 3D, EV 98.8 MPH)
|
Batting: SHB Bill D Doran
|
0-0: Foul Ball, location: 2F 0-1: Called Strike 0-2: Ground out U3 (Groundball, 3, EV 104.4 MPH) Cecil Fielder to third
|
Batting: RHB Dave Valle
|
0-0: Ball 1-0: Ball 2-0: DOUBLE (Flyball, 78D, EV 111.9 MPH) Cecil Fielder scores
|
Batting: RHB Ricky Adams
|
0-0: Intentional Walk
|
Batting: LHB Craig Lefferts
|
0-0: Ground out U3 (Groundball, 34S, EV 71.9 MPH)
|
Top of the 4th over - 1 run, 2 hits, 0 errors, 2 left on base; Houston 3 - Cincinnati 3 |
BOTTOM OF THE 4TH |
Cincinnati Reds batting - Pitching for Houston Astros : LHP Craig Lefferts
|
Batting: LHB Darrell Evans
|
0-0: Called Strike 0-1: Swinging Strike 0-2: Ball 1-2: Strikes out looking
|
Batting: RHB John Malkin
|
0-0: Swinging Strike 0-1: Ball 1-1: Ball 2-1: Ball 3-1: Fly out, F9 (Flyball, 9S, EV 94.4 MPH)
|
Batting: RHB Jesus Alfaro
|
0-0: Reached on error, E4 (Groundball, 4M, EV 89.4 MPH)
|
Batting: RHB Larry Dierker
|
0-0: Ball 1-0: Ball 2-0: Foul Ball, location: 2F 2-1: Swinging Strike 2-2: Strikes out swinging
|
Bottom of the 4th over - 0 runs, 0 hits, 1 error, 1 left on base; Houston 3 - Cincinnati 3 |
TOP OF THE 5TH |
Houston Astros batting - Pitching for Cincinnati Reds : RHP Larry Dierker
|
Batting: RHB Julio Franco
|
0-0: Called Strike 0-1: Ball 1-1: Fly out, F6 (Popup, P, EV 75.6 MPH)
|
Batting: LHB Steve Kemp
|
0-0: Ball 1-0: Foul Ball, location: 2F 1-1: Ball 2-1: Foul Ball, location: 2F 2-2: Foul Ball, location: 2F 2-2: Reached via error on a dropped throw from 1B, E1 (Groundball, 34S, EV 75.0 MPH)
|
Batting: RHB Zail Smith
|
0-0: Fly out, F8 (Flyball, 8LD, EV 101.3 MPH)
|
Batting: LHB Jose Cruz
|
0-0: Ball 1-0: Fly out, F7 (Flyball, 7, EV 80.0 MPH)
|
Top of the 5th over - 0 runs, 0 hits, 1 error, 1 left on base; Houston 3 - Cincinnati 3 |
BOTTOM OF THE 5TH |
Cincinnati Reds batting - Pitching for Houston Astros : LHP Craig Lefferts
|
Batting: RHB John Damon
|
0-0: Ball 1-0: Ball 2-0: Ball 3-0: Swinging Strike 3-1: Called Strike 3-2: Foul Ball, location: 2F 3-2: Strikes out swinging
|
Batting: RHB Marco Mosquera
|
0-0: Ball 1-0: Called Strike 1-1: Called Strike 1-2: DOUBLE (Line Drive, 9LS, EV 95.6 MPH)
|
Batting: RHB Gary Matthews
|
0-0: Swinging Strike 0-1: 2-RUN HOME RUN (Line Drive, 78XD, EV 105.6 MPH), Distance : 439 ft
|
Batting: LHB Mike Easler
|
0-0: Ball 1-0: Ground out 4-3 (Groundball, 4, EV 81.9 MPH)
|
Batting: RHB Nick Deurloo
|
0-0: Called Strike 0-1: Ball 1-1: Foul Ball, location: 2F 1-2: Ball 2-2: Ball 3-2: Foul Ball, location: 2F 3-2: Strikes out swinging
|
Bottom of the 5th over - 2 runs, 2 hits, 0 errors, 0 left on base; Houston 3 - Cincinnati 5 |
TOP OF THE 6TH |
Houston Astros batting - Pitching for Cincinnati Reds : RHP Larry Dierker
|
Batting: RHB Cecil Fielder
|
0-0: Foul Ball, location: 2F 0-1: Ball 1-1: Foul Ball, location: 2F 1-2: Ground out 5-3 (Groundball, 56, EV 102.5 MPH)
|
Batting: SHB Bill D Doran
|
0-0: Foul Ball, location: 2F 0-1: Ball 1-1: SOLO HOME RUN (Flyball, 8LXD, EV 108.1 MPH), Distance : 418 ft
|
Batting: RHB Dave Valle
|
0-0: Ball 1-0: Ball 2-0: Called Strike 2-1: Ground out U3 (Groundball, 34, EV 88.8 MPH)
|
Batting: RHB Ricky Adams
|
0-0: Called Strike 0-1: Called Strike 0-2: Ball 1-2: Ball 2-2: SINGLE (Line Drive, 5D, EV 98.1 MPH)
|
Batting: LHB Craig Lefferts
|
0-0: Ball 1-0: Called Strike 1-1: Ball 2-1: Fly out, F8 (Flyball, 8LD, EV 106.3 MPH)
|
Top of the 6th over - 1 run, 2 hits, 0 errors, 1 left on base; Houston 4 - Cincinnati 5 |
BOTTOM OF THE 6TH |
Cincinnati Reds batting - Pitching for Houston Astros : LHP Craig Lefferts
|
Batting: LHB Darrell Evans
|
0-0: Fly out, F8 (Line Drive, 8LD, EV 96.3 MPH)
|
Batting: RHB John Malkin
|
0-0: Called Strike 0-1: Ball 1-1: Fly out, F4 (Popup, 34S, EV 68.1 MPH)
|
Batting: RHB Jesus Alfaro
|
0-0: Ground out 1-3 (Groundball, P, EV 71.3 MPH)
|
Bottom of the 6th over - 0 runs, 0 hits, 0 errors, 0 left on base; Houston 4 - Cincinnati 5 |
TOP OF THE 7TH |
Houston Astros batting - Pitching for Cincinnati Reds : RHP Larry Dierker
|
Batting: RHB Julio Franco
|
0-0: Ball 1-0: Ball 2-0: Foul Ball, location: 2F 2-1: Fly out, F8 (Flyball, 8RD, EV 100.6 MPH)
|
Batting: LHB Steve Kemp
|
0-0: Ball 1-0: Foul Ball, location: 2F 1-1: Swinging Strike 1-2: Ball 2-2: Ball 3-2: Foul Ball, location: 2F 3-2: Strikes out swinging
|
Batting: RHB Zail Smith
|
0-0: Foul Ball, location: 2F 0-1: Foul Ball, location: 2F 0-2: Ground out 5-3 (Groundball, 56, EV 90.6 MPH)
|
Top of the 7th over - 0 runs, 0 hits, 0 errors, 0 left on base; Houston 4 - Cincinnati 5 |
BOTTOM OF THE 7TH |
Cincinnati Reds batting - Pitching for Houston Astros : LHP Craig Lefferts
|
Pinch Hitting: LHB Scott Radloff
|
0-0: Foul Ball, location: 2F 0-1: Ball 1-1: Ball 2-1: Ball 3-1: Foul Ball, location: 2F 3-2: Ground out 5-3 (Groundball, 56S, EV 91.9 MPH)
|
Batting: RHB John Damon
|
0-0: Called Strike 0-1: Ball 1-1: Ball 2-1: Ball 3-1: Base on Balls
|
Batting: RHB Marco Mosquera
|
0-0: Ball 1-0: Ball 2-0: SINGLE (Groundball, 4MD, EV 98.8 MPH) John Damon to second Runner from 2nd tries for 3rd, SAFE, throw by CF made to third Marco Mosquera to second
|
Batting: RHB Gary Matthews
|
0-0: Intentional Walk
|
Batting: LHB Mike Easler
|
0-0: Ball 1-0: Foul Ball, location: 2F 1-1: Ball 2-1: Foul Ball, location: 2F 2-2: Strikes out swinging
|
Batting: RHB Nick Deurloo
|
0-0: Called Strike 0-1: Ball 1-1: Foul Ball, location: 2F 1-2: Ball 2-2: Ball 3-2: Base on Balls John Damon scores Marco Mosquera to third Gary Matthews to second
|
Pitching: LHP George H Stone
|
|
Batting: LHB Darrell Evans
|
0-0: Ball 1-0: Foul Ball, location: 2F 1-1: Ball Wild Pitch! Marco Mosquera scores Gary Matthews to third Nick Deurloo to second 2-1: Foul Ball, location: 2F 2-2: Foul Ball, location: 2F 2-2: SINGLE (Flyball, 8RS, EV 88.8 MPH) Gary Matthews scores Nick Deurloo to third Runner from 3rd tries for Home, SAFE, throw by CF to home
|
Batting: RHB John Malkin
|
0-0: Called Strike 0-1: Foul Ball, location: 2F 0-2: Fly out, F9 (Flyball, 9, EV 85.6 MPH)
|
Bottom of the 7th over - 4 runs, 2 hits, 0 errors, 1 left on base; Houston 4 - Cincinnati 9 |
TOP OF THE 8TH |
Houston Astros batting - Pitching for Cincinnati Reds : RHP Larry Dierker
|
Pitching: RHP Jay Dillard
|
|
Batting: LHB Jose Cruz
|
0-0: Ground out 5-3 (Groundball, 56S, EV 66.9 MPH)
|
Batting: RHB Cecil Fielder
|
0-0: Foul Ball, location: 2F 0-1: Ball 1-1: Ball 2-1: Ball 3-1: Foul Ball, location: 2F 3-2: DOUBLE (Flyball, 8LXD, EV 93.8 MPH)
|
Batting: SHB Bill D Doran
|
0-0: Ball 1-0: Called Strike 1-1: Foul Ball, location: 2F 1-2: Strikes out looking
|
Batting: RHB Dave Valle
|
0-0: Ball Wild Pitch! Cecil Fielder to third 1-0: Called Strike 1-1: Swinging Strike 1-2: Strikes out looking
|
Top of the 8th over - 0 runs, 1 hit, 0 errors, 1 left on base; Houston 4 - Cincinnati 9 |
BOTTOM OF THE 8TH |
Cincinnati Reds batting - Pitching for Houston Astros : LHP George H Stone
|
Batting: RHB Jesus Alfaro
|
0-0: Foul Ball, location: 2F 0-1: Ground out 5-3 (Groundball, 56, EV 90.6 MPH)
|
Pinch Hitting: LHB Joseph Talley
|
0-0: Ball 1-0: Ball 2-0: Ball 3-0: Base on Balls
|
Batting: RHB John Damon
|
0-0: Called Strike 0-1: SINGLE (Groundball, 34, EV 106.3 MPH) Joseph Talley to second Runner from 2nd tries for 3rd, SAFE, throw by RF made to third
|
Batting: RHB Marco Mosquera
|
0-0: Foul Ball, location: 2F 0-1: Ball 1-1: Ball 2-1: Fly out, F9 (Flyball, 9LM, EV 99.4 MPH) Runner from 3rd tags up, SCORES, throw by RF
|
Batting: RHB Gary Matthews
|
0-0: Called Strike 0-1: Ball 1-1: 2-RUN HOME RUN (Flyball, 7D, EV 93.8 MPH), Distance : 385 ft
|
Batting: LHB Mike Easler
|
0-0: Ball 1-0: Called Strike 1-1: Ball 2-1: Ball 3-1: Fly out, F4 (Popup, 34D, EV 54.4 MPH)
|
Bottom of the 8th over - 3 runs, 2 hits, 0 errors, 0 left on base; Houston 4 - Cincinnati 12 |
TOP OF THE 9TH |
Houston Astros batting - Pitching for Cincinnati Reds : RHP Jay Dillard
|
Pitching: RHP Mike Rowland
|
|
Batting: RHB Ricky Adams
|
0-0: Hit by Pitch
|
Pinch Hitting: LHB George Vukovich
|
0-0: Called Strike 0-1: Fly out, F7 (Line Drive, 7, EV 91.3 MPH)
|
Pinch Hitting: SHB Tom Herr
|
0-0: Ball 1-0: Fly out, F4 (Popup, 4S, EV 74.4 MPH)
|
Batting: LHB Steve Kemp
|
0-0: SINGLE (Groundball, 4MD, EV 96.3 MPH) Ricky Adams to second
|
Batting: RHB Zail Smith
|
0-0: Called Strike 0-1: Ball 1-1: Ball 2-1: Ball 3-1: Foul Ball, location: 2F 3-2: Ground out 5-3 (Groundball, 15, EV 85.6 MPH)
|
Top of the 9th over - 0 runs, 1 hit, 0 errors, 2 left on base; Houston 4 - Cincinnati 12 |
|